 Dungeon Crawl Stone Soup version 0.30-a0-719-gcc4359ea44 (webtiles) character file.

Game seed: 10506926111203772399

2763909 themarg the Worldbinder (level 27, 201/201 HPs)
             Began as a Barachi Summoner on Jan 23, 2023.
             Was a High Priest of Hepliaklqana.
             Escaped with the Orb
             ... and 5 runes on Jan 26, 2023!
             The game lasted 09:39:33 (86746 turns).

themarg the Worldbinder (Barachi Summoner)         Turns: 86746, Time: 09:39:34

Health: 201/201    AC: 28    Str: 14    XL:     27
Magic:  26/50      EV: 18    Int: 18    God:    Hepliaklqana [*****.]
Gold:   5980       SH: 20    Dex: 21    Spells: 16/72 levels left

rFire   + + .      SeeInvis +    s - +8 demon trident "Rift" {distort, reach+}
rCold   + + +      Faith    .    p - +5 kite shield {AC+3}
rNeg    + + .      Spirit   .    I - +4 troll leather armour {Snorg}
rPois   +          Reflect  .    d - +2 helmet of Waboid {rPois rF+}
rElec   +          Harm     .    D - +2 cloak of Feuss {rPois rF- rN+ SInv}
rCorr   .          Rampage  .    J - +2 pair of gloves
Will    +++++      Clarity  +    T - +2 pair of boots {Fly}
Stlth   +                        E - amulet of regeneration
HPRegen 2.13/turn                O - ring "Imiumeolo" {rF++ rC+++ Will+ Int-5 Slay+2}
MPRegen 0.32/turn                i - ring of Hizeseso {Drain rN+ Will+++ Dex+2 Stlth-}

@: flying, studying 3 skills, slow
A: reduced essence, amphibious, slowness 1, strong legs 2, +LOS, agile 1,
clarity, electricity resistance, strong 1, MP-powered wands
0: Orb of Zot
}: 5/15 runes: decaying, slimy, silver, abyssal, gossamer
a: Hop, Renounce Religion, Recall Ancestor, Ancestor Identity, Transference,
Idealise


You escaped.
You worshipped Hepliaklqana.
Hepliaklqana was extremely pleased with you.
You visited 11 branches of the dungeon, and saw 55 of its levels.
You visited the Abyss 1 time.
You visited 1 ziggurat, and saw 10 of its levels.
You also visited: Gauntlet, Wizlab and Desolation.

You collected 10290 gold pieces.
You spent 4310 gold pieces at shops.

Inventory:

Hand Weapons
 s - the +8 demon trident "Rift" (weapon) {distort, reach+}
   (You found it on level 12 of the Dungeon)
Missiles
 B - 7 throwing nets (quivered)
Armour
 d - the +2 helmet of Waboid (worn) {rPois rF+}
   (You found it in a Gauntlet)

   rF:        It protects you from fire.
   rPois:     It protects you from poison.
 p - a +5 kite shield of protection (worn)
 D - the +2 cloak of Feuss (worn) {rPois rF- rN+ SInv}
   (You found it in the Desolation of Salt)

   rF:        It makes you vulnerable to fire.
   rPois:     It protects you from poison.
   rN:        It protects you from negative energy.
   SInv:      It lets you see invisible.
 F - the +9 storm dragon scales "Valesk" {+Blink rElec Str+6}
   (You found it on level 5 of the Pits of Slime)

   Str:       It affects your strength (+6).
   rElec:     It insulates you from electricity.
   +Blink:    It lets you blink.
 I - a +4 troll leather armour (worn) {Snorg}
 J - a +2 pair of gloves (worn)
 T - a +2 pair of boots of flying (worn)
Jewellery
 i - the ring of Hizeseso (right hand) {Drain rN+ Will+++ Dex+2 Stlth-}
   (You acquired it on level 1 of the Orcish Mines)

   [ring of positive energy]

   Dex:       It affects your dexterity (+2).
   rN:        It protects you from negative energy.
   Drain:     It drains your maximum health when unequipped.
   Will:      It greatly increases your willpower.
   Stlth:     It makes you less stealthy.
 j - the amulet of the Albatross {RegenMP rC++ rN+ Dex+3}
   (You took it off an ironbound preserver on level 5 of the Vaults)

   [amulet of magic regeneration]

   It increases your rate of magic regeneration.
   Dex:       It affects your dexterity (+3).
   rC:        It greatly protects you from cold.
   rN:        It protects you from negative energy.
 v - the ring of the Mage {Wiz Archmagi}
   (You acquired it on level 1 of the Orcish Mines)

   [ring of wizardry]

   It improves your spell success rate.
   Archmagi:  It increases the power of your magical spells.
 E - an amulet of regeneration (around neck)
 N - the ring "Baameujo" {Wiz rF+ Int+4 Stlth+}
   (You took it off a yaktaur captain on level 5 of the Vaults)

   [ring of wizardry]

   It improves your spell success rate.
   Int:       It affects your intelligence (+4).
   rF:        It protects you from fire.
   Stlth:     It makes you more stealthy.
 O - the ring "Imiumeolo" (left hand) {rF++ rC+++ Will+ Int-5 Slay+2}
   (You bought it in a shop on level 2 of the Vaults)

   [ring of willpower]

   Int:       It affects your intelligence (-5).
   Slay:      It affects your accuracy & damage with ranged weapons and melee
   (+2).
   rF:        It greatly protects you from fire.
   rC:        It renders you almost immune to cold.
   Will:      It increases your willpower.
Wands
 a - a wand of polymorph (14)
 M - a wand of paralysis (35)
 P - a wand of digging (40)
 Q - a wand of acid (20)
 V - a wand of roots (12)
 X - a wand of mindburst (17)
Scrolls
 c - 4 scrolls of blinking
 e - 17 scrolls of teleportation
 f - 5 scrolls of immolation
 h - 10 scrolls of vulnerability
 m - 14 scrolls of fog
 t - 5 scrolls of silence
 u - 11 scrolls of poison
 G - 4 scrolls of amnesia
 R - 15 scrolls of fear
 W - 9 scrolls of butterflies
Potions
 b - 6 potions of magic
 g - 6 potions of flight
 k - 3 potions of resistance
 l - 10 potions of lignification
 n - 15 potions of mutation
 q - 14 potions of might
 r - 38 potions of curing
 w - 7 potions of invisibility
 C - 12 potions of heal wounds
 H - 8 potions of haste
 K - 4 potions of cancellation
 S - 10 potions of brilliance
 Y - 9 potions of ambrosia
 Z - 3 potions of berserk rage
Miscellaneous
 o - a lightning rod (4/4)
 x - a condenser vane
 y - a box of beasts
 z - a piece from Xom's chessboard (15/15)
 A - a tin of tremorstones (2/2)
 L - a phantom mirror (inert)
 U - a phial of floods


   Skills:
 - Level 20.0 Fighting
 - Level 14.0 Polearms
 - Level 15.0 Armour
 - Level 10.0 Dodging
 - Level 5.0 Stealth
 - Level 15.0 Shields
 - Level 23.0 Spellcasting
 - Level 8.0 Conjurations
 - Level 25.0 Summonings
 + Level 16.0 Necromancy
 - Level 13.0 Translocations
 + Level 16.1 Transmutations
 - Level 7.0 Ice Magic
 - Level 7.0 Air Magic
 - Level 12.0 Invocations
 - Level 15.0 Evocations


You had 16 spell levels left.
You knew the following spells:

 Your Spells              Type           Power      Damage    Failure   Level
a - Summon Small Mammal   Summ           100%       N/A       0%          1
b - Malign Gateway        Summ/Tloc      36%        N/A       1%          7
c - Call Canine Familiar  Summ           84%        N/A       0%          3
d - Summon Lightning Spi  Summ/Air       67%        N/A       1%          4
e - Mephitic Cloud        Conj/Pois/Air  38%        N/A       1%          3
f - Freezing Cloud        Conj/Ice/Air   23%        6-21      6%          5
g - Summon Cactus Giant   Summ           42%        N/A       1%          6
h - Summon Hydra          Summ           42%        N/A       1%          7
i - Blink                 Tloc           100%       N/A       1%          2
j - Summon Horrible Thin  Summ           42%        N/A       1%          8
k - Sublimation of Blood  Necr           67%        N/A       0%          2
l - Apportation           Tloc           100%       N/A       1%          1
m - Haunt                 Necr/Summ      38%        N/A       1%          7

Your spell library contained the following spells:

 Spells                   Type           Power      Damage    Failure   Level
 Beastly Appendage        Tmut           100%       N/A       0%          1
 Necrotise                Necr           100%       1d9       0%          1
 Call Imp                 Summ           84%        N/A       0%          2
 Wereblood                Tmut           68%        N/A       0%          2
 Kiss of Death            Conj/Necr      100%       2d13      1%          1
 Magic Dart               Conj           100%       1d8       1%          1
 Sting                    Tmut/Pois      100%       1d8       1%          1
 Cigotuvi's Dreadful Rot  Necr/Pois/Air  96%        N/A       1%          2
 Ensorcelled Hibernation  Hex/Ice        66%        N/A       1%          2
 Lesser Beckoning         Tloc           100%       N/A       1%          2
 Passwall                 Tmut/Erth      40%        N/A       1%          2
 Poisonous Vapours        Pois/Air       66%        N/A       1%          2
 Searing Ray              Conj           98%        2d8       1%          2
 Frozen Ramparts          Ice            90%        1d14      1%          3
 Gell's Gravitas          Tloc           61%        N/A       1%          3
 Hailstorm                Conj/Ice       47%        3d11      1%          3
 Ignite Poison            Fire/Tmut/Pois 40%        N/A       1%          3
 Kindle Blastsparks       Fire/Tloc/Air  88%        2d17      1%          3
 Portal Projectile        Hex/Tloc       88%        N/A       1%          3
 Spider Form              Tmut/Pois      49%        N/A       1%          3
 Summon Guardian Golem    Hex/Summ       60%        N/A       1%          3
 Swiftness                Air            45%        N/A       1%          3
 Teleport Other           Tloc           61%        N/A       1%          3
 Animate Armour           Summ/Erth      100%       N/A       1%          4
 Animate Dead             Necr           67%        N/A       1%          4
 Dispel Undead            Necr           67%        3d23      1%          4
 Ice Form                 Ice/Tmut       58%        N/A       1%          4
 Iskenderun's Mystic Bla  Conj/Tloc      55%        2d12      1%          4
 Manifold Assault         Tloc           61%        N/A       1%          4
 Passage of Golubria      Tloc           61%        N/A       1%          4
 Petrify                  Tmut/Erth      49%        N/A       1%          4
 Summon Ice Beast         Ice/Summ       67%        N/A       1%          4
 Agony                    Necr           67%        N/A       1%          5
 Blade Hands              Tmut           34%        N/A       1%          5
 Irradiate                Conj/Tmut      29%        3d21      1%          5
 Summon Forest            Summ/Tloc      36%        N/A       1%          5
 Summon Mana Viper        Hex/Summ       60%        N/A       1%          5
 Death Channel            Necr           33%        N/A       1%          6
 Monstrous Menagerie      Summ           42%        N/A       1%          7
 Dazzling Flash           Conj/Hex       70%        N/A       2%          3
 Stone Arrow              Conj/Erth      70%        3d11      2%          3
 Airstrike                Air            22%        2d(4-20)  2%          4
 Dispersal                Tloc           30%        N/A       3%          6
 Sandblast                Erth           40%        2d10      4%          1
 Borgnjor's Vile Clutch   Necr/Erth      24%        N/A       4%          5
 Iskenderun's Battlesphe  Conj           49%        2d10      4%          5
 Yara's Violent Unravell  Hex/Tmut       24%        3d11      4%          5
 Dragon Form              Tmut           34%        N/A       4%          7
 Spellforged Servitor     Conj/Summ      34%        N/A       4%          7
 Lightning Bolt           Conj/Air       23%        1d39      5%          5
 Scorch                   Fire           40%        2d7       6%          2
 Simulacrum               Ice/Necr       29%        N/A       6%          6
 Flame Wave               Conj/Fire      35%        2d10      9%          4
 Sticky Flame             Conj/Fire      35%        2d5       9%          4
 Inner Flame              Hex/Fire       20%        N/A       13%         3
 Fireball                 Conj/Fire      17%        3d9       22%         5
 Eringya's Noxious Bog    Tmut/Pois      24%        N/A       24%         6
 Statue Form              Tmut/Erth      32%        N/A       24%         6
 Metabolic Englaciation   Hex/Ice        16%        N/A       28%         5
 Silence                  Hex/Air        16%        N/A       28%         5
 Conjure Ball Lightning   Conj/Air       23%        3x3d6     30%         6
 Storm Form               Tmut/Air       29%        N/A       32%         7
 Borgnjor's Revivificati  Necr           33%        N/A       36%         8
 Necromutation            Tmut/Necr      34%        N/A       36%         8
 Cause Fear               Hex            10%        N/A       38%         4
 Leda's Liquefaction      Hex/Erth       10%        N/A       38%         4
 Olgreb's Toxic Radiance  Pois           20%        N/A       38%         4
 Lee's Rapid Deconstruct  Erth           10%        3d8*      75%         5
 Iron Shot                Conj/Erth      17%        9d4       77%         6
 Starburst                Conj/Fire      17%        6d6       77%         6
 Orb of Destruction       Conj           24%        9d9       80%         7
 Disjunction              Tloc           30%        N/A       80%         8
 Ozocubu's Refrigeration  Ice            22%        4d12      90%         7
 Death's Door             Necr           33%        N/A       99%         9
 Enfeeble                 Hex            10%        N/A       100%        7
 Discord                  Hex            10%        N/A       100%        8
 Ignition                 Fire           10%        3d5       100%        8
 Lehudib's Crystal Spear  Conj/Erth      17%        10d5      100%        8
 Chain Lightning          Conj/Air       23%        3d31      100%        9
 Fire Storm               Conj/Fire      17%        8d5       100%        9
 Shatter                  Erth           10%        3d11*     100%        9


Dungeon Overview and Level Annotations

Branches:
Dungeon (15/15)            Temple (0/1) D:7            Lair (5/5) D:11
  Swamp (4/4) Lair:3       Spider (4/4) Lair:2        Slime (5/5) Lair:4
    Orc (2/2) D:11            Elf (3/3) Orc:2        Vaults (5/5) D:14
  Crypt (3/3) Vaults:2       Tomb (0/3) Crypt:3      Depths (4/4) D:15
    Zot (5/5) Depths:4     WizLab (visited)         Desolation (visited)
Gauntlet (visited)

Altars:
Ashenzari
Cheibriados
Dithmenos
Elyvilon
Fedhas
Gozag
Hepliaklqana
Kikubaaqudgha
Nemelex Xobeh
Okawaru
Qazlal
Sif Muna
Uskayaw
Yredelemnul
Zin
The Shining One

Shops:
D:9 *   Orc:2 *(!!   Elf:2 [   Elf:3 ?*((*   Vaults:2 :(=:   Vaults:3 ?
Zot:3 *   Depths:1 :[(*=   Depths:2 (

Portals:
Hell: Depths:1 Depths:2 Depths:3 Depths:4
Abyss: Depths:2 Depths:3
Pandemonium: Depths:2

Annotations:
Elf:1 3 exclusions, Roxanne
Elf:2 3 runed translucent doors, exclusion: 3 doors
Vaults:1 1 exclusion
Zot:4 1 runed translucent door, Voulohy's ghost, veteran TrCK
Zot:5 1 exclusion
Abyss:1 Bai Suzhen


Innate Abilities, Weirdness & Mutations

Your life essence is reduced to manifest your ancestor. (-10% HP)
You are amphibious.
You cover ground slowly.
You can hop long distances.
You have an extended range of vision and can be seen from far away.
You are agile. (Dex +4, Str/Int -1)
You possess an exceptional clarity of mind.
You are resistant to electric shocks. (rElec)
Your muscles are strong. (Str +4, Int/Dex -1)
You expend magic power (3 MP) to strengthen your wands.


Message History

You feel less confused.
Your surroundings suddenly seem different.
There is an open door here.
There is a stone staircase leading up here.
You fly upwards.
There is a stone staircase leading down here.
There is a stone staircase leading up here.
You fly upwards.
You are ready to hop once more.
A rust devil comes into view.
There is a stone staircase leading down here.
You hit the rust devil.
The rust devil is lightly wounded.
The rust devil blinks!
There is an escape hatch in the ceiling here.
A mysterious force pulls you upwards. The hatch slams shut behind you.
There is an escape hatch in the floor here.
There is a stone staircase leading up here.
You fly upwards.
There is a stone staircase leading down here.
A shadow demon comes into view.
There is an escape hatch in the ceiling here.
A mysterious force pulls you upwards. The hatch slams shut behind you.
There is a stone staircase leading up here.
You fly upwards.
There is a stone staircase leading down here.
There is a stone staircase leading up here.
You fly upwards.
There is a stone staircase leading down here.
There is a stone staircase leading up here.
You fly upwards.
There is a stone staircase leading down here.
There is a stone staircase leading up here.
You fly upwards.
There is a stone staircase leading down, spattered with blood here.
There is an open door here.
There is a staircase leading out of the dungeon here.
An eight-headed hydra appears.
Palamore is recalled.
You have escaped!

########.#.#####...........###
#...................####.#....
#.######.###...###.#####.#.###
#.# ##.# #.............#.#
#.#####..###.##..#########.#
####.##.............# #.#
........#####.#####.# #.#
........#...#.#DXX#.# #.#
........#...#XRX@C#.### #.#
#.......#...#.#Xrh#...# #.#
##......##'##.#####...# #.#
#...................#.# #.###
.#......#####.##'##.#.#######....
#####.#.#...#.#...#.#............
# #.#.#.>.'.#...#.#############
#####.#.#...#.#...#.#
..)..#..#####.#####.#


You could see the friendly Palamore the knight (reflecting), a friendly
eight-headed hydra (summoned), 5 friendly large abominations, a friendly cactus
giant (summoned), a friendly warg (summoned) and a friendly quokka (summoned).

Vanquished Creatures
  the Royal Jelly (Slime:5)
  2 dread liches (Zot:5)
  4 ancient liches
  2 curse toes (Crypt:3)
  2 Killer Klowns
  4 golden dragons
  Nikola (Spider:3)
  7 tentacled monstrosities
  Rupert (D:14)
  2 liches (Crypt:2)
  A quicksilver dragon (Zot:1)
  7 Orb Guardians
  Asterion (Spider:2)
  2 deep elf master archers (Elf:3)
  3 titans (Vaults:5)
  7 acid blobs
  A sphinx (Vaults:1)
  6 death cobs
  2 ancient champions (Crypt:3)
  A sphinx (shapeshifter) (Vaults:5)
  A thorn hunter (Swamp:4)
  A tentacled starspawn (Abyss:2)
  4 storm dragons
  3 draconian monks
  2 tengu reavers
  A nagaraja (WizLab)
  7 azure jellies
  A frost giant (Depths:2)
  A fenstrider witch (Zot:2)
  3 rockslimes
  4 deep elf sorcerers
  Aizul (Spider:4)
  2 fire giants
  Louise (Spider:4)
  A ghost moth (Zot:1)
  3 vault wardens
  4 draconian scorchers
  A draconian shifter (Zot:3)
  An orc warlord (Vaults:4)
  A deep elf elementalist (Elf:3)
  6 ironbound preservers
  5 quicksilver oozes
  5 ghouls
  2 war gargoyles
  3 draconian annihilators
  4 very ugly things
  2 stone giants
  3 ironbound thunderhulks
  A reaper (Crypt:2)
  2 draconian stormcallers
  A vampire knight (Crypt:2)
  Nessos (D:15)
  2 deep elf demonologists
  3 eleionomae
  2 purple draconians
  5 black draconians
  3 yellow draconians
  A minotaur (Gauntlet)
  5 white draconians
  5 green draconians
  A halazid warlock (Desolation)
  An eidolon (Crypt:3)
  Azrael (Orc:2)
  A bunyip (Swamp:1)
  4 red draconians
  5 deep elf annihilators
  A spark wasp (Spider:3)
  A merfolk impaler (Zig:4)
  A mummy priest (Zig:10)
  Snorg (Orc:1)
  2 crystal guardians
  2 deep elf death magi
  A merfolk javelineer (WizLab)
  5 fire dragons
  2 ettins
  3 jiangshi
  6 entropy weavers
  5 yaktaur captains
  4 ragged hierophants (Desolation)
  A shambling mangrove (Abyss:3)
  Fannar (D:12)
  2 great orbs of eyes
  5 deep elf high priests
  14 hydras
  8 vault guards
  4 servants of whispers (Desolation)
  An ice dragon (Depths:3)
  2 ogre magi
  A merfolk avatar (Lair:5)
  4 peacekeepers
  A radroach (Spider:2)
  A ghost crab (Swamp:1)
  4 centaur warriors
  3 ironbound frosthearts
  2 deep troll shamans (Depths:4)
  2 two-headed ogres
  11 alligators
  2 tengu warriors
  A death scarab (Gauntlet)
  6 dancing weapons (Elf:2)
  2 death knights
  A boulder beetle (D:15)
  3 deep troll earth magi (Depths:1)
  4 vampire magi
  An orc high priest (Orc:2)
  2 shock serpents (Zig:6)
  3 spriggan berserkers
  A titan zombie (Crypt:2)
  2 hell knights
  A shadow wraith (Crypt:3)
  4 deep elf knights
  A fire crab (Abyss:3)
  6 skeletal warriors
  4 pharaoh ants
  A sea snake (shapeshifter) (Vaults:5)
  A sun moth (Spider:4)
  A naga ritualist (Zig:6)
  A sea snake (Lair:5)
  A glowing orange brain (shapeshifter) (Vaults:5)
  A bog body (Swamp:3)
  3 spriggan druids
  4 goliath frogs
  5 flayed ghosts
  A death drake (Swamp:4)
  5 wizards
  A glowing orange brain (Vaults:4)
  9 deep trolls
  3 orc knights (Orc:2)
  A phantasmal warrior (D:15)
  4 orb spiders
  11 ironbound convokers
  6 steelbarb worms
  7 swamp dragons
  A necromancer (D:15)
  A lindwurm (Vaults:1)
  A harpy (Lair:5)
  A broodmother zombie (Crypt:2)
  6 deep elf archers
  12 deep elf pyromancers
  17 ugly things
  18 deep elf zephyrmancers
  5 orc sorcerers
  10 wolf spiders
  5 cyclopes
  4 shining eyes
  3 manticores
  11 moths of wrath
  2 centaur zombies
  2 worldbinders
  A naga mage (Zig:6)
  10 elephants
  A guardian serpent (shapeshifter) (Vaults:5)
  3 demonic crawlers
  3 water nymphs (Zig:9)
  9 vault sentinels
  A molten gargoyle (Desolation)
  2 torpor snails
  An eye of devastation (Slime:3)
  A cane toad (Lair:5)
  An unseen horror (D:11)
  A large abomination (Abyss:2)
  3 komodo dragons
  A rime drake (Lair:5)
  A steelbarb worm zombie (Crypt:1)
  A tengu conjurer (Depths:1)
  A hellion (D:15)
  5 freezing wraiths
  4 yaktaurs
  An ancient zyme (Abyss:3)
  2 kobold demonologists
  4 trolls
  A merfolk (Zig:4)
  A polar bear (Lair:5)
  A tyrant leech (Swamp:4)
  A red devil (Depths:2)
  15 tarantellas
  6 meliai
  10 hornets
  A raiju (shapeshifter) (D:15)
  26 saltlings
  3 blink frogs (Lair:5)
  4 dream sheep (Lair:5)
  An ettin zombie (D:15)
  11 jumping spiders
  A centaur simulacrum (D:12)
  A satyr skeleton (Crypt:3)
  A water elemental (Depths:1)
  25 slime creatures
  11 spriggans
  11 culicivoras
  A shadow (D:13)
  A yak (shapeshifter) (D:14)
  3 air elementals
  A fire elemental (Orc:2)
  2 vampires
  5 wraiths
  11 humans (D:14)
  2 basilisks
  36 redbacks
  A steam dragon (Lair:5)
  8 yaks
  6 vampire mosquitoes
  A naga (Zig:6)
  A spectral cane toad (Gauntlet)
  10 swamp worms
  A faun zombie (Crypt:1)
  A water moccasin (D:6)
  2 hell hounds (Orc:2)
  A sky beast (D:8)
  6 swamp drakes
  6 ogres
  10 orc warriors
  4 centaurs
  A bullfrog (D:8)
  12 nameless horrors
  2 kobold brigands (D:8)
  A gnoll sergeant (D:8)
  4 necrophages
  An earth elemental (Elf:2)
  3 wights (D:8)
  4 killer bees
  2 gnoll boudas
  A jelly (D:8)
  3 orc priests (Orc:2)
  2 starcursed masses
  An iguana (D:5)
  12 orc wizards
  2 hell rats (Lair:5)
  4 mummies
  7 gnolls (Orc:1)
  A white imp (D:8)
  A dart slug (D:3)
  19 orcs
  A ball python (D:1)
  2 bat skeletons
  A giant cockroach (D:3)
  A goblin (D:2)
  2 hobgoblins
  2 jackals (D:2)
  A bat (D:1)
  3 kobolds
  A quokka zombie (Crypt:2)
  2 rats
  A starspawn tentacle (Abyss:2)
892 creatures vanquished.

Vanquished Creatures (collateral kills)
  Dissolution (Slime:2)
  4 dread liches
  Khufu (Crypt:1)
  2 orbs of fire (Zot:5)
  Mara (Depths:2)
  2 ancient liches
  A juggernaut (Zig:5)
  3 royal mummies
  Vv (Depths:2)
  A Killer Klown (Zig:8)
  the Lernaean hydra (Swamp:4)
  2 curse toes
  Jory (Crypt:1)
  9 golden dragons
  3 bone dragons (Depths:2)
  A pandemonium lord (Zig:1)
  3 doom hounds (Depths:2)
  Arachne (Spider:2)
  An electric golem (Zot:5)
  14 tentacled monstrosities
  7 liches
  16 Orb Guardians (Zot:5)
  2 titans (Vaults:5)
  Grunn (Depths:2)
  3 quicksilver dragons
  A deep elf blademaster (Elf:3)
  A kraken (Abyss:3)
  8 death cobs
  4 ancient champions
  7 eldritch tentacles
  10 acid blobs
  5 sphinxes
  The ghost of wormed the Geomancer, an adept DsSu of Vehumet (Swamp:4)
  2 thorn hunters (Swamp:4)
  15 storm dragons
  Donald (Spider:4)
  A tentacled starspawn (Abyss:2)
  7 azure jellies
  A revenant (Crypt:2)
  2 nagarajas (WizLab)
  3 draconian monks
  7 rockslimes
  7 tengu reavers
  6 shadow dragons
  6 fire giants
  11 vault wardens
  6 draconian knights
  A fenstrider witch (Swamp:4)
  A frost giant (shapeshifter) (Zig:8)
  4 ghost moths
  2 imperial myrmidons (Desolation)
  4 curse skulls
  4 draconian shifters
  5 frost giants
  5 deep elf sorcerers
  2 draconian scorchers
  6 draconian stormcallers
  12 ironbound preservers
  A deep elf elementalist (Elf:3)
  A spriggan defender (Depths:4)
  3 draconian annihilators
  7 ghouls
  2 broodmothers
  3 demonspawn corrupters (WizLab)
  2 reapers (Depths:2)
  2 war gargoyles
  5 quicksilver oozes
  5 ironbound thunderhulks
  A juggernaut skeleton (Zig:10)
  An eleionoma (Swamp:3)
  4 vampire knights
  11 stone giants
  A putrid mouth (Depths:2)
  23 very ugly things
  4 deep elf demonologists
  2 bennus (Zig:10)
  10 green draconians
  10 black draconians
  8 deep elf annihilators
  3 white draconians
  12 red draconians
  An eleionoma (shapeshifter) (Depths:4)
  4 bunyips
  2 eidola
  12 yellow draconians
  13 purple draconians
  A spark wasp (Depths:3)
  The ghost of Lanwaonk the Severer, a journeyman MiBe of Trog (D:12)
  4 mummy priests (Zig:10)
  A deep elf death mage (Crypt:2)
  6 fire dragons
  A green death (WizLab)
  5 ragged hierophants
  2 merfolk javelineers
  A shambling mangrove (Swamp:3)
  3 merfolk impalers
  10 jiangshi
  6 yaktaur captains
  Josephine (D:14)
  3 crystal guardians
  5 great orbs of eyes
  8 ettins
  3 deep elf high priests
  7 servants of whispers
  2 entropy weavers
  The ghost of demibob the Grappler, a journeyman DrCK of Xom (Lair:1)
  19 vault guards
  A caustic shrike simulacrum (Depths:2)
  A catoblepas (shapeshifter) (Zig:8)
  9 hydras
  5 rakshasas
  5 ice dragons
  2 spriggan air magi
  3 merfolk aquamancers
  7 peacekeepers
  4 boulder beetles
  A radroach (Spider:4)
  An Orb Guardian zombie (Crypt:1)
  6 centaur warriors
  6 ironbound frosthearts
  3 alligators (Swamp:4)
  2 death knights
  4 ghost crabs
  An alligator snapping turtle (shapeshifter) (Zig:8)
  4 two-headed ogres
  A hell hog (Depths:2)
  A death scarab (Zig:10)
  4 dancing weapons
  3 deep troll earth magi
  6 vampire magi
  Urug (D:10)
  3 spriggan berserkers
  2 naga warriors (Zig:6)
  10 spriggans
  5 tengu warriors
  A thrashing horror (Zig:3)
  2 orc high priests (Orc:2)
  A storm dragon zombie (Depths:2)
  8 hell knights
  A sun demon (Depths:2)
  3 soul eaters
  5 deep elf knights (Elf:3)
  A shadow wraith (Crypt:3)
  8 skeletal warriors
  2 spriggan druids
  2 sixfirhies
  A sun moth (Spider:4)
  4 pharaoh ants
  2 iron trolls (Depths:4)
  3 goliath frogs
  3 sea snakes
  A spriggan rider (Depths:3)
  Lodul (D:14)
  3 swamp dragons
  26 deep trolls
  5 flayed ghosts
  6 deep elf archers
  2 glowing orange brains
  8 bog bodies
  A golden dragon skeleton (Depths:2)
  2 orb spiders (Spider:4)
  A harpy (shapeshifter) (Vaults:5)
  4 steelbarb worms
  6 orc knights
  13 ironbound convokers
  14 deep elf pyromancers
  An orange crystal statue (Zig:7)
  A spectral wolf spider (D:12)
  A sphinx zombie (D:15)
  13 wizards
  12 phantasmal warriors
  7 lindwurms
  2 necromancers
  An obsidian statue (Zig:7)
  33 ugly things
  6 wolf spiders
  A cyclops (D:10)
  7 deep elf zephyrmancers
  A manticore (D:10)
  A salamander (shapeshifter) (Abyss:3)
  16 elephants
  An orc sorcerer (Orc:1)
  2 will-o-the-wisps
  An oklob plant (Lair:3)
  A centaur zombie (Crypt:3)
  4 shining eyes
  17 moths of wrath
  3 worldbinders (WizLab)
  3 starcursed masses
  2 ice statues (Zig:7)
  A merfolk siren (Zig:9)
  A shock serpent zombie (Crypt:2)
  2 spectral centaurs (D:12)
  18 vault sentinels
  An orange demon (Abyss:3)
  6 black mambas
  2 guardian serpents (Desolation)
  2 smoke demons
  A water nymph (Zig:9)
  A hellion (Depths:2)
  2 apocalypse crabs
  3 torpor snails
  3 demonic crawlers
  2 eyes of devastation
  A sea snake zombie (Crypt:1)
  4 rime drakes
  An unseen horror (D:12)
  12 cane toads
  4 freezing wraiths
  5 komodo dragons
  A hydra zombie (Crypt:1)
  24 yaktaurs
  9 tengu conjurers
  3 guardian mummies (Zig:10)
  An unseen horror skeleton (Crypt:3)
  A hellwing (Abyss:3)
  2 polar bears (Lair:5)
  A meliai (shapeshifter) (Vaults:4)
  A queen bee (Gauntlet)
  3 tyrant leeches
  6 trolls
  6 tarantellas
  7 merfolk
  5 meliai
  A mana viper skeleton (Crypt:3)
  6 blink frogs
  38 saltlings
  3 wind drakes
  12 hornets
  A dream sheep (shapeshifter) (Vaults:4)
  A snapping turtle (Zig:9)
  A hydra skeleton (Crypt:3)
  A jumping spider zombie (Crypt:1)
  51 slime creatures
  5 jumping spiders
  3 centaur simulacra
  A jumping spider (shapeshifter) (Vaults:4)
  A guardian serpent skeleton (Crypt:1)
  3 shadows
  11 culicivoras
  6 wyverns
  A black mamba zombie (Crypt:3)
  7 wraiths
  4 vampires
  A ynoxinul (Depths:4)
  7 water elementals
  14 yaks
  2 ushabtiu (Zig:10)
  25 nameless horrors
  3 basilisks
  A fire elemental (Orc:2)
  32 redbacks
  4 humans (D:14)
  2 vampire mosquitoes
  3 steam dragons
  A tyrant leech zombie (Crypt:3)
  3 neqoxecs
  A chaos spawn (Zig:8)
  6 swamp worms
  2 large abominations (Abyss:3)
  A warg (Zig:5)
  An acid dragon (D:8)
  17 water moccasins
  A glowing shapeshifter zombie (Depths:2)
  3 floating eyes
  A floating eye (shapeshifter) (Vaults:5)
  2 swamp drakes (Swamp:4)
  A glowing shapeshifter skeleton (D:15)
  15 orc warriors
  3 black bears
  2 ice beasts
  A sky beast (D:6)
  7 wolves
  8 ogres
  2 boggarts
  6 centaurs
  2 kobold brigands
  4 necrophages
  A cyclops zombie (Crypt:3)
  12 bullfrogs
  An earth elemental (Elf:1)
  4 scorpions
  3 wights (D:8)
  18 killer bees
  A water moccasin skeleton (Crypt:3)
  2 crimson imps (Gauntlet)
  A jelly (D:8)
  11 orc priests
  4 gnoll boudas
  3 hounds
  4 iguanas
  A black bear skeleton (Crypt:1)
  8 orc wizards
  23 hell rats
  3 small abominations
  A naga skeleton (Crypt:1)
  9 mummies
  Robin (D:2)
  6 adders
  11 gnolls
  3 white imps
  2 ufetubi
  3 worms
  3 dart slugs
  41 orcs
  4 bats
  8 endoplasms
  4 giant cockroaches
  5 goblins (D:2)
  11 hobgoblins
  6 jackals
  4 quokkas
  3 ball pythons
  2 ball python skeletons (Crypt:2)
  A ball python zombie (Crypt:3)
  2 frilled lizards
  2 frilled lizard skeletons
  10 kobolds
  3 rats
  A bush (Lair:3)
  A starspawn tentacle (Abyss:2)
1591 creatures vanquished.

Vanquished Creatures (others)
  A deep elf master archer (Elf:3)
  68 eldritch tentacles
  A draconian monk (Zot:2)
  A fire giant (Depths:2)
  A yellow draconian (Zot:3)
  A green death (WizLab)
  A yaktaur captain (Vaults:3)
  2 sixfirhies
  A deep elf archer (Elf:3)
  A deep elf zephyrmancer (Elf:2)
  A moth of wrath (Zot:2)
  A yaktaur (Vaults:2)
  A bloated husk (Swamp:3)
  A wraith (Crypt:2)
  A swamp worm (Swamp:3)
  2 small abominations
  24 knights
  An orc wizard (Orc:2)
  An ancestor (D:3)
  A bush (Lair:3)
  8 foxfires
  50 fungi
  132 plants
  12 tentacles (Abyss:3)
  22 withered plants
336 creatures vanquished.

Grand Total: 2819 creatures vanquished

Notes
Turn   | Place    | Note
-------+----------+-------------------------------------------
     0 | D:1      | themarg the Barachi Summoner began the quest for the Orb.
     0 | D:1      | Reached XP level 1. HP: 13/13 MP: 3/3
   131 | D:1      | Reached skill level 5 in Summonings
   214 | D:1      | Reached XP level 2. HP: 15/19 MP: 1/5
   217 | D:1      | Learned a level 2 spell: Call Imp
  1065 | D:1      | Reached XP level 3. HP: 18/24 MP: 1/7
  1125 | D:1      | Learned a level 3 spell: Call Canine Familiar
  1292 | D:2      | Noticed Robin
  1304 | D:2      | Killed Robin
  1323 | D:2      | Reached XP level 4. HP: 30/30 MP: 3/8
  1822 | D:2      | Found a faded altar of an unknown god.
  1831 | D:2      | Prayed at the altar of an unknown god.
  1831 | D:2      | Became a worshipper of Hepliaklqana the Forgotten
  1831 | D:2      | Reached * piety under Hepliaklqana
  2352 | D:3      | Reached skill level 6 in Summonings
  2470 | D:3      | Reached XP level 5. HP: 30/31 MP: 6/10
  2728 | D:3      | Found a snail-covered altar of Cheibriados.
  2952 | D:3      | Reached ** piety under Hepliaklqana
  2953 | D:3      | Remembered your ancestor Palamore as a knight
  3236 | D:4      | Reached XP level 6. HP: 31/36 MP: 12/12
  3384 | D:4      | Reached skill level 7 in Summonings
  3465 | D:4      | Got the Opusculum on Different Congelation
  3471 | D:4      | Found a white marble altar of Elyvilon.
  3904 | D:4      | Found an iron altar of Okawaru.
  4129 | D:4      | Found an opulent altar of Gozag.
  4130 | D:4      | Found a shimmering blue altar of Sif Muna.
  4133 | D:4      | Found a glowing silver altar of Zin.
  4156 | D:4      | Found a stormy altar of Qazlal.
  4157 | D:4      | Found a sparkling altar of Nemelex Xobeh.
  4345 | D:5      | Entered Level 5 of the Dungeon
  4352 | D:5      | Reached skill level 5 in Spellcasting
  4352 | D:5      | Reached skill level 1 in Air Magic
  4413 | D:5      | Noticed a black bear
  4420 | D:5      | Killed a black bear
  4421 | D:5      | Reached XP level 7. HP: 41/41 MP: 10/14
  4593 | D:5      | Reached skill level 8 in Summonings
  4769 | D:5      | Reached skill level 9 in Summonings
  4842 | D:5      | Identified the +6 long sword of Eternal Vigilance {flame,
                  | rElec}
  5050 | D:5      | Reached XP level 8. HP: 36/46 MP: 12/15
  5090 | D:5      | Found a glowing golden altar of the Shining One.
  5100 | D:5      | Learned a level 4 spell: Summon Lightning Spire
  5224 | D:6      | Reached skill level 1 in Fighting
  5308 | D:6      | Found a shadowy altar of Dithmenos.
  5312 | D:6      | Reached *** piety under Hepliaklqana
  5330 | D:6      | Reached skill level 10 in Summonings
  5351 | D:6      | Identified the -2 pair of gloves of Repulsion {rF+ Int+4}
  5474 | D:6      | Reached skill level 5 in Fighting
  5548 | D:6      | Reached skill level 1 in Conjurations
  5681 | D:6      | Reached XP level 9. HP: 61/61 MP: 5/16
  6126 | D:6      | Noticed a two-headed ogre
  6144 | D:6      | Killed a two-headed ogre
  6145 | D:6      | Reached skill level 5 in Dodging
  6145 | D:6      | Reached skill level 5 in Conjurations
  6595 | D:7      | Found a broken altar of Ashenzari.
  6619 | D:7      | Reached skill level 5 in Air Magic
  6832 | D:7      | Found a staircase to the Ecumenical Temple.
  7136 | D:7      | Reached XP level 10. HP: 66/66 MP: 8/17
  7425 | D:8      | Reached **** piety under Hepliaklqana
  7473 | D:8      | Reached skill level 5 in Invocations
  8051 | D:8      | Found a runed translucent door.
  8051 | D:8      | Found a runed translucent door.
  8051 | D:8      | Found a runed translucent door.
  8051 | D:8      | Noticed a cyclops
  8051 | D:8      | Noticed an eight-headed hydra
  8185 | D:8      | Learned a level 3 spell: Mephitic Cloud
  8558 | D:9      | Found Jofol's Serpentskin Sales.
  8954 | D:10     | Entered Level 10 of the Dungeon
  8954 | D:10     | Noticed Urug
  8977 | D:10     | Killed Urug
  9031 | D:10     | Noticed a two-headed ogre
  9036 | D:10     | Killed a two-headed ogre
  9327 | D:10     | Noticed a cyclops
  9327 | D:10     | Noticed a deep elf pyromancer
  9331 | D:10     | Killed a deep elf pyromancer
  9332 | D:10     | Reached skill level 5 in Shields
  9332 | D:10     | Reached XP level 11. HP: 78/78 MP: 16/21
  9333 | D:10     | Killed a cyclops
  9532 | D:10     | Found a hide-covered altar of Uskayaw.
  9593 | D:10     | Reached ***** piety under Hepliaklqana
  9719 | D:11     | Noticed a manticore
  9727 | D:10     | Killed a manticore
  9900 | D:11     | Found a staircase to the Lair.
  9994 | D:11     | Found a staircase to the Orcish Mines.
 10002 | D:11     | Reached skill level 10 in Fighting
 10581 | Lair:1   | Entered Level 1 of the Lair of Beasts
 10676 | Lair:1   | Reached skill level 5 in Ice Magic
 10917 | Lair:1   | Found a runed translucent gate.
 10917 | Lair:1   | Found a runed translucent gate.
 10917 | Lair:1   | Found a runed translucent gate.
 10919 | Lair:1   | Noticed demibob's ghost (journeyman DrCK)
 12254 | Lair:1   | Learned a level 5 spell: Freezing Cloud
 12400 | Lair:2   | Reached XP level 12. HP: 39/87 MP: 19/24
 12805 | Lair:2   | Found a hole to the Spider Nest.
 14134 | Lair:3   | Found a staircase to the Swamp.
 14139 | Lair:3   | Found a blossoming altar of Fedhas.
 14153 | Lair:3   | Reached ****** piety under Hepliaklqana
 14173 | Lair:3   | Reached skill level 10 in Spellcasting
 14620 | Lair:4   | Found a staircase to the Slime Pits.
 14766 | Lair:4   | Identified the +6 great mace of Instinct {heavy, rElec}
 15212 | Lair:5   | Entered Level 5 of the Lair of Beasts
 15212 | Lair:5   | Noticed a five-headed hydra
 15404 | Lair:5   | Killed a five-headed hydra
 15449 | Lair:5   | Gained mutation: You can hop long distances. [Barachi
                  | growth]
 15449 | Lair:5   | Reached XP level 13. HP: 92/95 MP: 25/27
 15890 | Lair:5   | Reached skill level 10 in Invocations
 17005 | Lair:5   | Reached XP level 14. HP: 103/103 MP: 20/28
 17912 | Lair:1   | Killed demibob's ghost
 18006 | D:12     | Noticed Fannar
 18022 | D:12     | Killed Fannar
 18041 | D:12     | Reached skill level 1 in Polearms
 18236 | D:12     | Found a gate leading to a gauntlet.
 18252 | Gauntlet | Entered a Gauntlet
 18252 | Gauntlet | Found a transporter.
 18252 | Gauntlet | Found a transporter.
 18253 | Gauntlet | Found a transporter.
 18254 | Gauntlet | Found a transporter.
 18255 | Gauntlet | Found a transporter.
 18272 | Gauntlet | Found a transporter.
 18275 | Gauntlet | Found a transporter.
 18281 | Gauntlet | Found a transporter.
 18286 | Gauntlet | Found a transporter.
 18304 | Gauntlet | Found a transporter.
 18311 | Gauntlet | Found a transporter.
 18328 | Gauntlet | Found a transporter.
 18351 | Gauntlet | Noticed a dire elephant
 18355 | Gauntlet | a dire elephant changed into a stone giant
 18355 | Gauntlet | Noticed a stone giant (glowing shapeshifter)
 18357 | Gauntlet | a stone giant changed into an azure jelly
 18357 | Gauntlet | Noticed an azure jelly (glowing shapeshifter)
 18358 | Gauntlet | an azure jelly changed into a fire giant
 18358 | Gauntlet | Noticed a fire giant (glowing shapeshifter)
 18360 | Gauntlet | a fire giant changed into a stone giant
 18360 | Gauntlet | Noticed a stone giant (glowing shapeshifter)
 18364 | Gauntlet | a stone giant changed into an acid blob
 18364 | Gauntlet | Noticed an acid blob (glowing shapeshifter)
 18366 | Gauntlet | Noticed a shard shrike
 18366 | Gauntlet | a shard shrike changed into a juggernaut
 18366 | Gauntlet | Noticed a juggernaut (glowing shapeshifter)
 18370 | Gauntlet | a juggernaut changed into an iron giant
 18370 | Gauntlet | Noticed an iron giant (glowing shapeshifter)
 18372 | Gauntlet | an iron giant changed into a caustic shrike
 18372 | Gauntlet | Noticed a caustic shrike (glowing shapeshifter)
 18373 | Gauntlet | a caustic shrike changed into an acid blob
 18373 | Gauntlet | Noticed an acid blob (glowing shapeshifter)
 18374 | Gauntlet | an acid blob changed into an iron giant
 18374 | Gauntlet | Noticed an iron giant (glowing shapeshifter)
 18377 | Gauntlet | Noticed a golden dragon
 18379 | Gauntlet | a golden dragon changed into an acid blob
 18379 | Gauntlet | Noticed an acid blob (glowing shapeshifter)
 18498 | Gauntlet | Identified the +2 helmet of Waboid {rPois rF+}
 19428 | D:12     | Found a runed translucent gate.
 19430 | D:12     | Found a runed translucent gate.
 19430 | D:12     | Found a runed translucent gate.
 19431 | D:12     | Found the +8 demon trident "Rift" {distort, reach+}
 19432 | D:12     | Noticed Lanwaonk's ghost (journeyman MiBe)
 19445 | D:12     | Reached skill level 11 in Summonings
 19894 | D:12     | HP: 2/103 [Lanwaonk's ghost (9)]
 19911 | D:12     | Killed Lanwaonk's ghost
 20204 | Orc:1    | Entered Level 1 of the Orcish Mines
 20473 | Orc:2    | Entered Level 2 of the Orcish Mines
 20477 | Orc:2    | Noticed Azrael
 20566 | Orc:1    | Identified 2 scrolls of acquirement
 20769 | Orc:1    | Acquired the ring of Hizeseso {Drain rN+ Will+++ Dex+2
                  | Stlth-}
 20770 | Orc:1    | Acquired the ring of the Mage {Wiz Archmagi}
 20770 | Orc:1    | Found the ring of the Mage {Wiz Archmagi}
 20784 | Orc:2    | Reached skill level 1 in Armour
 20840 | Orc:2    | Reached skill level 5 in Polearms
 20940 | Orc:2    | Killed Azrael
 21343 | Orc:2    | Found a staircase to the Elven Halls.
 21497 | Orc:2    | Reached skill level 5 in Armour
 21610 | Orc:2    | Found Leynefitt's Antique Weapon Shop.
 21610 | Orc:2    | Found Unna's Assorted Antiques.
 21612 | Orc:2    | Found Woen's Distillery.
 21612 | Orc:2    | Found Deopn's Distillery.
 21621 | Orc:2    | Bought a potion of haste for 140 gold pieces
 21688 | Orc:1    | Reached XP level 15. HP: 91/108 MP: 9/29
 21714 | Orc:1    | Noticed Snorg
 21782 | Orc:1    | Killed Snorg
 22166 | D:8      | Reached skill level 1 in Translocations
 22589 | D:13     | You fall into a shaft and drop 2 floors!
 22589 | D:15     | Entered Level 15 of the Dungeon
 22895 | D:14     | Noticed Josephine
 22901 | D:14     | Killed Josephine
 23201 | D:13     | Reached skill level 12 in Summonings
 23491 | D:13     | Reached skill level 10 in Polearms
 23724 | D:14     | Noticed Rupert
 23728 | D:14     | Noticed Lodul
 23732 | D:14     | Found a gate to the Vaults.
 23735 | D:14     | Killed Lodul
 23739 | D:14     | Killed Rupert
 24497 | D:15     | Found a staircase to the Depths.
 24582 | D:15     | Noticed Nessos
 24588 | D:15     | Killed Nessos
 24726 | D:15     | Reached XP level 16. HP: 114/114 MP: 18/30
 24989 | D:15     | Got the Disquisition on Darkness
 25494 | Swamp:1  | Entered Level 1 of the Swamp
 25926 | Swamp:1  | Reached skill level 5 in Translocations
 27714 | Swamp:3  | Reached skill level 10 in Translocations
 27880 | Swamp:3  | Reached XP level 17. HP: 95/119 MP: 25/31
 28389 | Swamp:4  | Entered Level 4 of the Swamp
 28423 | Swamp:4  | Found a transporter.
 28624 | Swamp:4  | Found a transporter.
 28625 | Swamp:4  | Noticed wormed's ghost (adept DsSu)
 28631 | Swamp:4  | Found the +4 robe of Folly {Brill Will-∞ Int+8}
 28647 | Swamp:4  | Reached skill level 13 in Summonings
 28900 | Swamp:4  | Learned a level 7 spell: Malign Gateway
 29392 | Swamp:4  | Noticed the 27-headed Lernaean hydra
 29409 | Swamp:4  | Killed the 27-headed Lernaean hydra
 29686 | Swamp:4  | Got a decaying rune of Zot
 30128 | Orc:2    | Bought a potion of mutation for 104 gold pieces
 30128 | Orc:2    | Bought a potion of cancellation for 104 gold pieces
 30128 | Orc:2    | Bought a potion of lignification for 39 gold pieces
 30128 | Orc:2    | Bought a potion of heal wounds for 65 gold pieces
 30128 | Orc:2    | Bought a potion of curing for 39 gold pieces
 30128 | Orc:2    | Bought a potion of brilliance for 52 gold pieces
 30128 | Orc:2    | Bought a potion of curing for 39 gold pieces
 30129 | Orc:2    | Bought a potion of might for 56 gold pieces
 30129 | Orc:2    | Bought a potion of heal wounds for 70 gold pieces
 30129 | Orc:2    | Bought a potion of invisibility for 112 gold pieces
 30129 | Orc:2    | Bought 2 potions of heal wounds for 140 gold pieces
 30129 | Orc:2    | Bought a potion of curing for 42 gold pieces
 30129 | Orc:2    | Bought a potion of ambrosia for 112 gold pieces
 30134 | Orc:2    | Bought a potion of magic for 280 gold pieces
 30134 | Orc:2    | Bought a scroll of teleportation for 105 gold pieces
 30467 | Spider:1 | Entered Level 1 of the Spider Nest
 30780 | Spider:1 | Reached skill level 1 in Evocations
 32180 | Spider:2 | Noticed Asterion
 32242 | Spider:2 | Reached skill level 5 in Evocations
 32249 | Spider:2 | Reached XP level 18. HP: 126/126 MP: 24/33
 32267 | Spider:2 | Killed Asterion
 32417 | Spider:2 | Noticed Arachne
 32431 | Spider:2 | Killed Arachne
 32567 | Spider:2 | Identified the +1 chain mail of the Armoured One {Int+4}
 33603 | Spider:3 | Noticed Nikola
 33633 | Spider:3 | Killed Nikola
 33824 | Spider:3 | Learned a level 6 spell: Summon Cactus Giant
 34414 | Spider:4 | Entered Level 4 of the Spider Nest
 34424 | Spider:4 | Noticed Louise
 34795 | Spider:4 | Killed Louise
 34964 | Spider:4 | Noticed Donald
 35045 | Spider:4 | HP: 2/126 [Donald/+5 double sword of electrocution (40)]
 35045 | Spider:4 | Killed Donald
 35267 | Spider:4 | Reached skill level 10 in Evocations
 35335 | Spider:4 | Noticed Aizul
 35342 | Spider:4 | Reached skill level 14 in Summonings
 35519 | Spider:4 | Killed Aizul
 36241 | Spider:4 | Got a gossamer rune of Zot
 36663 | Elf:1    | Entered Level 1 of the Elven Halls
 36715 | Elf:1    | Found an ancient bone altar of Kikubaaqudgha.
 36716 | Elf:1    | Noticed a Tzitzimitl
 36717 | Elf:1    | Noticed an Ice Fiend
 36845 | Elf:1    | Paralysed by an air elemental for 1 turns
 36940 | Elf:1    | Reached XP level 19. HP: 124/135 MP: 30/36
 36991 | Elf:1    | Found a crumbling gateway.
 37002 | Desolati | Entered the Desolation of Salt
 37238 | Desolati | Reached skill level 15 in Fighting
 37846 | Desolati | Got Neczaca's Volume of Earthen Fever
 37884 | Desolati | Got the Parchment of Transmutation and Degeneration
 38152 | Desolati | Got the Directory of the Nimbus and Companions
 38262 | Desolati | Identified the +8 flail of the Dead {antimagic, Str+3}
 38335 | Desolati | Identified the +2 cloak of Feuss {rPois rF- rN+ SInv}
 38470 | Desolati | Identified the +1 chain mail of the Barnacle {rF- MP+9
                  | Slay+6 SInv}
 38624 | Desolati | Identified the +1 chain mail "Koudd" {Int+3}
 38649 | Desolati | Identified the +2 ring mail of Elyvilon's Castigation {rC+
                  | MP+9}
 39191 | Elf:1    | Identified Roxanne's Octavo of Permutations
 39191 | Elf:1    | Noticed Roxanne
 39511 | Elf:2    | Found Qezuehie's Armour Emporium.
 39636 | Elf:2    | Paralysed by an air elemental for 1 turns
 39777 | Elf:2    | Reached XP level 20. HP: 138/145 MP: 29/38
 40084 | Elf:2    | Found a runed translucent gate.
 40084 | Elf:2    | Found a runed translucent gate.
 40087 | Elf:2    | Found a runed translucent gate.
 40098 | Elf:2    | Reached skill level 15 in Spellcasting
 40232 | Elf:2    | Upgraded the game from 0.30-a0-715-gdb4ae3ece1 to
                  | 0.30-a0-718-geaa24f58ff
 40322 | Elf:3    | Entered Level 3 of the Elven Halls
 40396 | Elf:3    | Found an ancient bone altar of Kikubaaqudgha.
 40871 | Elf:3    | Found Poigh's General Store.
 40871 | Elf:3    | Found Cudufel's General Store.
 40873 | Elf:3    | Found Koepsuus's Weapon Emporium.
 40874 | Elf:3    | Found Ynkeriqu's Weapon Shoppe.
 40881 | Elf:3    | Bought a phial of floods for 400 gold pieces
 40887 | Elf:3    | Bought a potion of haste for 120 gold pieces
 40898 | Elf:3    | Found Ungypt's Magic Scroll Shop.
 40898 | Elf:3    | Paralysed by an air elemental for 1 turns
 40914 | Elf:3    | Bought a scroll of blinking for 112 gold pieces
 41244 | Elf:3    | Identified the ring "Dylla" {rPois rN+ Dex+4}
 41259 | Elf:3    | Identified the +5 morningstar "Lyjuopt" {heavy, rC+ Will++
                  | Int+3 Stlth-}
 41259 | Elf:3    | Identified the +3 leather armour of the Cricket {+Inv Str-5
                  | Slay+5 SInv}
 41270 | Elf:3    | Reached skill level 15 in Evocations
 41317 | Elf:3    | Learned a level 7 spell: Summon Hydra
 41613 | Elf:3    | Identified the +1 ring mail "Cudeenn" {Regen+}
 41656 | Elf:3    | Got Sif Muna's Exposition on Orogeny
 41686 | Elf:3    | Identified the +2 trident "Curen" {spect, rC+ Will++ Dex+2}
 42045 | Vaults:1 | Entered Level 1 of the Vaults
 42071 | Vaults:1 | HP: 4/145 [eldritch tentacle[the player character] (23)]
 42609 | Vaults:1 | Reached skill level 15 in Summonings
 42752 | Vaults:1 | Reached skill level 5 in Stealth
 43262 | Vaults:1 | Identified the +0 ring mail of Hopscotch {+Inv Will+}
 43589 | Vaults:2 | Reached skill level 10 in Dodging
 43597 | Vaults:2 | Reached XP level 21. HP: 108/151 MP: 15/40
 44440 | Vaults:2 | Found Jiowuwac's Jewellery Emporium.
 44615 | Vaults:2 | Learned a level 2 spell: Blink
 44634 | Vaults:2 | Found a staircase to the Crypt.
 44634 | Vaults:2 | Found an ancient bone altar of Kikubaaqudgha.
 44635 | Vaults:2 | Found a basalt altar of Yredelemnul.
 44734 | Vaults:2 | Found Cuabluy's Weapon Shoppe.
 44917 | Vaults:2 | Reached skill level 16 in Summonings
 45261 | Vaults:2 | Found Geulust's Book Boutique.
 45351 | Vaults:2 | Identified the +5 falchion of Resonant Exoneration
                  | {distort, MP+9 SInv}
 45367 | Vaults:2 | Identified the +3 flail of Green Innocence {freeze, rF+}
 45392 | Vaults:2 | Found Duanlagh's Book Boutique.
 45767 | Vaults:3 | You are sucked into a shaft and drop 1 floor!
 46226 | Vaults:3 | Found Efer's Magic Scroll Emporium.
 46242 | Vaults:3 | Found a magical portal.
 46249 | WizLab   | Entered Alistair's Party Mansion
 46405 | WizLab   | Learned a level 8 spell: Summon Horrible Things
 46797 | WizLab   | Reached skill level 17 in Summonings
 46938 | WizLab   | Got the Precepts of Transforming Degeneration
 47170 | WizLab   | Noticed a golden dragon
 47192 | WizLab   | Got the Omnibus of the Remoulded Black Widow
 47520 | Vaults:3 | Identified the amulet "Nenwuguk" {Faith rF+ Will+ MP+9
                  | Str+2}
 47781 | Vaults:3 | Bought a scroll of magic mapping for 157 gold pieces
 47781 | Vaults:3 | Bought a scroll of teleportation for 63 gold pieces
 47781 | Vaults:3 | Bought a scroll of fog for 84 gold pieces
 47978 | Vaults:3 | Reached XP level 22. HP: 154/157 MP: 31/42
 49464 | Vaults:4 | Reached skill level 18 in Summonings
 49849 | Vaults:4 | Noticed an ancient lich
 49853 | Vaults:4 | Killed an ancient lich
 50306 | Vaults:4 | Found a huge runed gate.
 50306 | Vaults:4 | Found a huge runed gate.
 50307 | Vaults:4 | Found a huge runed gate.
 50307 | Vaults:4 | Found a huge runed gate.
 50307 | Vaults:4 | Found a huge runed gate.
 50307 | Vaults:4 | Found a huge runed gate.
 50307 | Vaults:4 | Found a huge runed gate.
 50307 | Vaults:4 | Found a huge runed gate.
 50307 | Vaults:4 | Found a huge runed gate.
 50307 | Vaults:4 | Found a huge runed gate.
 50310 | Vaults:4 | Found a huge runed gate.
 50310 | Vaults:4 | Found a huge runed gate.
 50310 | Vaults:4 | Found a huge runed gate.
 50310 | Vaults:4 | Found a huge runed gate.
 50310 | Vaults:4 | Found a huge runed gate.
 50310 | Vaults:4 | Found a huge runed gate.
 50310 | Vaults:4 | Found a huge runed gate.
 50310 | Vaults:4 | Found a huge runed gate.
 50311 | Vaults:4 | Found a huge runed gate.
 50326 | Vaults:4 | Found a huge runed gate.
 50326 | Vaults:4 | Found a huge runed gate.
 50326 | Vaults:4 | Found a huge runed gate.
 50326 | Vaults:4 | Found a huge runed gate.
 50326 | Vaults:4 | Found a huge runed gate.
 50326 | Vaults:4 | Found a huge runed gate.
 50326 | Vaults:4 | Found a huge runed gate.
 50327 | Vaults:4 | Found a huge runed gate.
 50328 | Vaults:4 | Found a huge runed gate.
 50337 | Vaults:4 | Found a huge runed gate.
 50337 | Vaults:4 | Found a huge runed gate.
 50337 | Vaults:4 | Found a huge runed gate.
 50337 | Vaults:4 | Found a huge runed gate.
 50337 | Vaults:4 | Found a huge runed gate.
 50337 | Vaults:4 | Found a huge runed gate.
 50337 | Vaults:4 | Found a huge runed gate.
 50338 | Vaults:4 | Found a huge runed gate.
 50462 | Vaults:4 | Reached skill level 10 in Shields
 51466 | Depths:1 | Entered Level 1 of the Depths
 51494 | Depths:1 | Found Laph's Assorted Antiques.
 51657 | Depths:1 | Bought a scroll of enchant armour for 172 gold pieces
 51657 | Depths:1 | Bought a scroll of amnesia for 92 gold pieces
 51657 | Depths:1 | Bought a scroll of teleportation for 69 gold pieces
 51817 | Depths:1 | Found Boriah's Book Shop.
 51866 | Depths:1 | Found Foasitis's Weapon Shoppe.
 52059 | Depths:1 | Found a gateway to Hell.
 52126 | Depths:1 | Reached skill level 19 in Summonings
 52133 | Depths:1 | Found a shimmering blue altar of Sif Muna.
 52142 | Depths:1 | Found Zonim's Antique Armour Shoppe.
 52515 | Depths:1 | Noticed Bai Suzhen
 52525 | Depths:1 | Banished Bai Suzhen
 53044 | Depths:1 | Reached XP level 23. HP: 161/162 MP: 8/45
 53678 | Depths:1 | Found Semmu's Jewellery Shop.
 53739 | Depths:2 | Found a one-way gateway to a ziggurat.
 53788 | Depths:2 | Found Nierusi's Antique Weapon Shop.
 53913 | Depths:2 | Found a one-way gate to the infinite horrors of the Abyss.
 54223 | Depths:2 | Noticed Grunn
 54411 | Depths:2 | Paralysed by a floating eye for 2 turns
 54666 | Depths:2 | Found a one-way gate leading to the halls of Pandemonium.
 54788 | Depths:2 | Noticed Vv
 54805 | Depths:2 | Killed Vv
 54870 | Depths:2 | Noticed Mara
 54871 | Depths:2 | Noticed themarg's illusion
 54887 | Depths:2 | Killed Mara
 55027 | Depths:2 | Reached skill level 20 in Summonings
 55122 | Depths:2 | Killed Grunn
 55826 | Depths:2 | Identified the +4 scale mail "Hun Lyokh" {+Inv rC+ Stlth-}
 57735 | Depths:4 | Entered Level 4 of the Depths
 57743 | Depths:4 | Reached skill level 21 in Summonings
 57862 | Depths:3 | Learned a level 2 spell: Sublimation of Blood
 57893 | Depths:4 | Reached skill level 1 in Necromancy
 58193 | Depths:4 | Paralysed by a floating eye for 2 turns
 58328 | Depths:4 | Reached XP level 24. HP: 150/169 MP: 19/46
 58439 | Depths:4 | Found a gate to the Realm of Zot.
 59149 | Depths:4 | Reached skill level 5 in Necromancy
 59607 | Vaults:2 | Bought a book of Cantrips for 156 gold pieces
 59609 | Vaults:2 | Learned a level 1 spell: Apportation
 59658 | Vaults:2 | Bought the ring "Imiumeolo" {rF++ rC+++ Will+ Int-5 Slay+2}
                  | for 1236 gold pieces
 60126 | D:8      | Upgraded the game from 0.30-a0-718-geaa24f58ff to
                  | 0.30-a0-719-gcc4359ea44
 60390 | Slime:1  | Entered Level 1 of the Pits of Slime
 60507 | Slime:2  | Noticed Dissolution
 60526 | Slime:2  | Killed Dissolution
 60892 | Slime:2  | Gained mutation: You are dopey. (Int -2) [a shining eye]
 60948 | Slime:1  | Lost mutation: You are dopey. (Int -2) [potion of mutation]
 60948 | Slime:1  | Gained mutation: You are vulnerable to cold. (rC-) [potion
                  | of mutation]
 60948 | Slime:1  | Gained mutation: You are dopey. (Int -2) [potion of
                  | mutation]
 60948 | Slime:1  | Gained mutation: You are robust. (+10% HP) [potion of
                  | mutation]
 60949 | Slime:1  | Lost mutation: You are dopey. (Int -2) [potion of mutation]
 60949 | Slime:1  | Lost mutation: You are robust. (+10% HP) [potion of
                  | mutation]
 60949 | Slime:1  | Gained mutation: You are weak. (Str -2) [potion of
                  | mutation]
 60949 | Slime:1  | Gained mutation: You have very sharp teeth. [potion of
                  | mutation]
 62851 | Slime:5  | Entered Level 5 of the Pits of Slime
 63008 | Slime:5  | Noticed the Royal Jelly
 63036 | Slime:5  | Killed the Royal Jelly
 63388 | Slime:5  | Paralysed by a floating eye for 2 turns
 63550 | Slime:5  | Got a slimy rune of Zot
 63577 | Slime:5  | Got Wuus's Cyclopedia of Places
 63596 | Slime:5  | Identified the ring "Bororig" {+Blink rPois rC- Int+3}
 63619 | Slime:5  | Identified the +9 storm dragon scales "Valesk" {+Blink
                  | rElec Str+6}
 63631 | Slime:5  | Identified the +3 robe of the Orb {+Blink rC- Will+}
 63680 | Slime:5  | Identified the +6 dagger "Vinainad" {holy, *Rage rElec rC+
                  | Int+5}
 64175 | Vaults:5 | Entered Level 5 of the Vaults
 64269 | Vaults:5 | Reached XP level 25. HP: 180/180 MP: 17/47
 64389 | Vaults:5 | Reached skill level 10 in Necromancy
 64783 | Vaults:5 | Noticed a dread lich
 64788 | Vaults:5 | Noticed a dread lich
 64796 | Vaults:5 | Killed a dread lich
 64798 | Vaults:5 | Killed a dread lich
 65049 | Vaults:5 | Got Vuplacoly's Parchment of Refrigeration and Nephomancy
 65203 | Vaults:5 | Identified the amulet of the Albatross {RegenMP rC++ rN+
                  | Dex+3}
 65567 | Vaults:5 | Identified the ring "Baameujo" {Wiz rF+ Int+4 Stlth+}
 65987 | Vaults:5 | Got a silver rune of Zot
 66005 | Vaults:5 | Got Byneff's Vellum of the Damaging Atmosphere
 66400 | Vaults:5 | Identified the +1 pair of gloves "Xaucanup" {MP+9}
 66545 | Vaults:5 | Identified the +2 leather armour of Tinirho {Regen+ Int+2}
 66830 | Crypt:1  | Entered Level 1 of the Crypt
 67126 | Crypt:1  | Noticed a royal mummy
 67132 | Crypt:1  | Noticed Khufu
 67142 | Crypt:1  | Killed a royal mummy
 67143 | Crypt:1  | Killed Khufu
 67381 | Crypt:1  | Noticed Jory
 67393 | Crypt:1  | Killed Jory
 67710 | Crypt:1  | Reached skill level 22 in Summonings
 68567 | Crypt:2  | Reached XP level 26. HP: 196/196 MP: 35/48
 68924 | Crypt:2  | Reached skill level 23 in Summonings
 69704 | Crypt:3  | Entered Level 3 of the Crypt
 70002 | Crypt:3  | Reached skill level 24 in Summonings
 70078 | Crypt:3  | Found a basalt altar of Yredelemnul.
 70092 | Crypt:3  | Found an ancient bone altar of Kikubaaqudgha.
 70179 | Crypt:3  | Got the Incunable of the Tarantula
 70236 | Crypt:3  | Identified the +3 glaive of Ticsiu {speed, rN+}
 70512 | Crypt:3  | Found a staircase to the Tomb.
 71546 | Swamp:4  | Killed wormed's ghost
 71550 | Swamp:4  | Reached skill level 25 in Summonings
 71873 | Zot:1    | Entered Level 1 of the Realm of Zot
 72350 | Zot:1    | Reached skill level 10 in Armour
 73461 | Zot:1    | Gained mutation: Your magical capacity is low. (-10% MP)
                  | [mutagenic glow]
 73992 | Zot:1    | Reached XP level 27. HP: 168/201 MP: 24/43
 77437 | Zot:3    | Identified the +0 plate armour of the Gravedigger {Will-
                  | Slay+5}
 77454 | Zot:3    | Found Hitixic's CLEARANCE SALE!.
 77473 | Zot:3    | Bought a lightning rod (4/4) for 150 gold pieces
 78354 | Zot:4    | Reached skill level 15 in Armour
 79018 | Zot:4    | Found a runed translucent door.
 79018 | Zot:4    | Noticed Voulohy's ghost (veteran TrCK)
 79018 | Zot:4    | Found the +6 Majin-Bo {spellvamp, MP+6 Int+6}
 79689 | Zot:5    | Entered Level 5 of the Realm of Zot
 79705 | Zot:5    | Reached skill level 1 in Transmutations
 79941 | Zot:5    | Noticed an ancient lich
 79962 | Zot:5    | Killed an ancient lich
 80754 | Zot:5    | Noticed a dread lich
 80759 | Zot:5    | Killed a dread lich
 81089 | Zot:5    | Reached skill level 5 in Transmutations
 81352 | Zot:5    | Reached skill level 15 in Shields
 81540 | Zot:5    | Noticed a dread lich
 81550 | Zot:5    | Killed a dread lich
 81746 | Zot:5    | Noticed an orb of fire
 81750 | Zot:5    | Gained mutation: You occasionally lose the ability to read
                  | scrolls when taking damage. [an orb of fire]
 81758 | Zot:5    | Killed an orb of fire
 81813 | Zot:5    | Noticed a dread lich
 81824 | Zot:5    | Killed a dread lich
 81968 | Zot:5    | Learned a level 7 spell: Haunt
 82010 | Zot:5    | Noticed an ancient lich
 82010 | Zot:5    | Noticed an ancient lich
 82016 | Zot:5    | Killed an ancient lich
 82017 | Zot:5    | Killed an ancient lich
 82102 | Zot:5    | Noticed a dread lich
 82111 | Zot:5    | Banished a dread lich
 82258 | Zot:5    | Reached skill level 10 in Transmutations
 82964 | Zot:5    | Noticed an ancient lich
 82972 | Zot:5    | Killed an ancient lich
 83182 | Zot:5    | Noticed a dread lich
 83201 | Zot:5    | Killed a dread lich
 83314 | Zot:5    | Lost mutation: You are weak. (Str -2) [potion of mutation]
 83314 | Zot:5    | Lost mutation: You occasionally lose the ability to read
                  | scrolls when taking damage. [potion of mutation]
 83314 | Zot:5    | Gained mutation: You are resistant to electric shocks.
                  | (rElec) [potion of mutation]
 83314 | Zot:5    | Lost mutation: Your magical capacity is low. (-10% MP)
                  | [potion of mutation]
 83480 | Zot:5    | Noticed an orb of fire
 83494 | Zot:5    | Killed an orb of fire
 83964 | Zig:1    | Entered Level 1 of a ziggurat
 83964 | Zig:1    | Noticed Qesuthao the pandemonium lord
 83971 | Zig:1    | Killed Qesuthao the pandemonium lord
 84045 | Zig:2    | Entered Level 2 of a ziggurat
 84071 | Zig:3    | Entered Level 3 of a ziggurat
 84089 | Zig:3    | Gained mutation: You have hidden genetic defects. [a
                  | neqoxec]
 84200 | Zig:4    | Entered Level 4 of a ziggurat
 84304 | Zig:5    | Entered Level 5 of a ziggurat
 84307 | Zig:5    | Noticed a juggernaut
 84317 | Zig:5    | Killed a juggernaut
 84329 | Zig:5    | Identified the +11 demon whip of War {venom, Int+2}
 84483 | Zig:6    | Entered Level 6 of a ziggurat
 84671 | Zig:6    | Identified the +5 spear of Ebrilled {venom, rC- Will+++
                  | MP+9 Int-5}
 84675 | Zig:6    | Got Sif Muna's Dissertation on the Fifth Circle and Charms
 84676 | Zig:6    | Identified the +11 hand axe "Mizaur" {heavy, rPois rC+}
 84679 | Zig:6    | Lost mutation: You are vulnerable to cold. (rC-) [potion of
                  | mutation]
 84679 | Zig:6    | Lost mutation: You have hidden genetic defects. [potion of
                  | mutation]
 84679 | Zig:6    | Lost mutation: You have very sharp teeth. [potion of
                  | mutation]
 84679 | Zig:6    | Gained mutation: You possess an exceptional clarity of
                  | mind. [potion of mutation]
 84679 | Zig:6    | Gained mutation: Your muscles are strong. (Str +4, Int/Dex
                  | -1) [potion of mutation]
 84679 | Zig:6    | Gained mutation: You expend magic power (3 MP) to
                  | strengthen your wands. [potion of mutation]
 84679 | Zig:6    | Gained mutation: You are agile. (Dex +4, Str/Int -1)
                  | [potion of mutation]
 84681 | Zig:7    | Entered Level 7 of a ziggurat
 85015 | Zig:8    | Entered Level 8 of a ziggurat
 85043 | Zig:8    | Found the +4 Cigotuvi's embrace {Corpsefed rMiasma Drain
                  | rN+}
 85162 | Zig:9    | Entered Level 9 of a ziggurat
 85205 | Zig:9    | Identified the +4 short sword "Wokejeg" {freeze, rPois
                  | Dex+6}
 85264 | Zig:9    | Acquired 765 gold pieces
 85275 | Zig:10   | Entered Level 10 of a ziggurat
 85289 | Zig:10   | Noticed a royal mummy
 85306 | Zig:10   | Killed a royal mummy
 85310 | Zig:10   | Noticed a royal mummy
 85320 | Zig:10   | Killed a royal mummy
 85411 | Zig:10   | Reached skill level 15 in Necromancy
 85446 | Depths:2 | Voluntarily entered the Abyss.
 85462 | Abyss:2  | Reached skill level 15 in Transmutations
 85674 | Abyss:3  | Banished Bai Suzhen
 85753 | Abyss:3  | Got an abyssal rune of Zot
 85758 | Abyss:3  | Noticed an ancient lich
 85766 | Abyss:3  | Killed an ancient lich
 85794 | Abyss:3  | Found a radiant altar of Vehumet.
 85796 | Depths:2 | Escaped the Abyss
 86274 | Zot:5    | Got the Orb of Zot
 86480 | D:15     | Noticed Nulutt the pandemonium lord
 86578 | D:10     | Noticed Dimm the pandemonium lord
 86746 | D:$      | Escaped with the Orb!

Illustrated notes

Levels and vault maps discovered:
D:1:      minmay_arrival_four_houses, layout_loops_ring
D:2:      layout_basic, dreamdust_ecumenical_altar_hidden_monk_grotto,
          uniq_robin
D:3:      layout_basic, mainiacjoe_overflow_surrounded_room
D:4:      nicolae_cairo_tiling, layout_loops_corners, mainiacjoe_overflow_paths,
          nicolae_elyvilon_temple_path, minitemple, minmay_misc_feat_tiny,
          minmay_misc_feat_enclosed
D:5:      layout_rooms, marbit_many_paths, nrook_campfire
D:6:      layout_basic, nicolae_dithmenos_through_a_glass_darkly,
          hangedman_decor_clover_reticule, kennysheep_cross_bottleneck
D:7:      layout_layer_cave, ashenzari_altar_1, temple_hall
D:8:      minmay_the_grid_triangle_9x9_rhombus_full
          [minmay_the_grid_triangle_9x9_minimal,
          minmay_the_grid_triangle_9x9_alien,
          minmay_the_grid_triangle_9x9_swiss_cheese,
          minmay_the_grid_triangle_9x9_fully_insulated_deathbox,
          minmay_the_grid_triangle_9x9_thin_v,
          minmay_the_grid_triangle_9x9_longest,
          minmay_the_grid_triangle_9x9_empty,
          minmay_the_grid_triangle_9x9_prize_center], layout_loops_ring
D:9:      layout_rooms, minmay_misc_feat_ornament, guppyfry_shop_venom
D:10:     layout_gridville, mainiacjoe_overflow_24_doors, minivault_20,
          uniq_urug
D:11:     layout_loops_cross, lair_entry_dummy, david_orc_2
D:12:     layout_loops_ring, gauntlet_entry_generic, gammafunk_ghost_necromancy,
          uniq_fannar
D:13:     layout_rooms, st_stairs_4, feat_on_display
D:14:     layout_layer_cave, david_vaults_3, nicolae_figureground_pulse,
          uniq_josephine, uniq_lodul
D:15:     gammafunk_depths_entry_grave, layout_stronghold, nicolae_two_hexagons,
          kb_rosetta, uniq_nessos
Lair:1:   layout_cave_pods, ebering_ghost_rock_garden
Lair:2:   layout_cave_pods, spider_nest_entry_webs,
          portal_ice_cave_entry_pillars_2, nicolae_lair_grove_arrangements,
          grunt_megastairs_4
Lair:3:   layout_long_grid, swamp_mist, tgw_fedhas, grunt_megastairs_3
Lair:4:   layout_long_grid, slime_entry_1
Lair:5:   gammafunk_lair_ancient_temple, layout_cave_pods, patterned_corridor
Swamp:1:  layout_basic_swamp, nicolae_swamp_bean_lake, infiniplex_staircase_pool
Swamp:2:  layout_falls_marsh, serial_swamp_ruin, evilmike_swamp_ruin_rubble_2,
          evilmike_swamp_ruin_house_1, evilmike_swamp_ruin_house_5, swamp_pool3
Swamp:3:  nicolae_swamp_wrong_neighborhood, layout_basic_swamp,
          evilmike_swamp_ruin_house_2
Swamp:4:  swamp_old_school, layout_basic_swamp, gammafunk_ghost_arena
Spider:1: layout_chambers
Spider:2: layout_spider_delve, drop_trap, uniq_arachne, uniq_asterion
Spider:3: nicolae_spider_mines_3, uniq_nikola
Spider:4: hellmonk_spider_rune_bug_friends, guppyfry_spider_mini_1, uniq_donald,
          uniq_louise, uniq_aizul
Slime:1:  layout_caves
Slime:2:  layout_caves, uniq_dissolution
Slime:3:  layout_caves
Slime:4:  layout_caves, nicolae_slime_rock_hall_of_fame
Slime:5
Orc:1:    layout_caves, nicolae_orc_crystal_geode, uniq_snorg
Orc:2:    grunt_orc_tribal_feast, layout_caves, uniq_azrael
Elf:1:    elf_arrival_001, layout_geoelf_octagon, portal_desolation_entry_salt,
          basic_altar, hangedman_elf_represent, uniq_roxanne
Elf:2:    elven_hall_of_blades_hangedman_original [nicolae_blade_little_rooms],
          layout_geoelf_grid, serial_shops, shop, drop_trap
Elf:3:    minmay_elf_hall_statues, layout_geoelf_octagon, serial_shops, shop,
          basic_altar, dreamdust_princess_corridor, drop_trap, minmay_shoptagon
Vaults:1: v_alt_pattern_1, nicolae_vaults_theta, hangedman_vaults_locks,
          nicolae_vaults_little_squares_2, hangedman_vaults_maws,
          grunt_vaults_hallway_short, v_misc_2, st_lattice,
          layout_vaults_big_room
Vaults:2: minmay_crypt_entry_necro_gods, v_misc_32, v_rooms_3,
          nicolae_vaults_specimen_jars, nicolae_vaults_network_s,
          hangedman_vaults_river_flow, nicolae_vaults_angled_halls, v_misc_18,
          nicolae_vaults_know_your_exits, grunt_vaults_hallway_short,
          layout_vaults_ring, serial_shops, nicolae_shop_bloodbath_and_beyond,
          nicolae_shop_trees, nicolae_shop_hallway_plus, nicolae_diamond_shop
Vaults:3: mu_enter_wizlab_6, vaults_dpeg_doors,
          nicolae_vaults_windows_and_doors_thing,
          nicolae_vaults_twisting_passages, vaults_standard_mumra_lines,
          v_pattern_5, nicolae_vaults_network_barrier, v_misc_24,
          vaults_mumra_chevron, nicolae_vaults_theta, vaults_room_corners,
          layout_vaults_omnicross, serial_shops, shop_fountains
Vaults:4: hangedman_vaults_snaps, vaults_dpeg_ring, ontoclasm_vaults_bender,
          grunt_vaults_funnel, hangedman_vaults_stitches, v_misc_12,
          hangedman_vaults_nodes, door_vault, ontoclasm_vaults_hangar,
          ontoclasm_vaults_eye, ontoclasm_vaults_ligature,
          vaults_room_stairs_pillars, layout_vaults_omnibox
Vaults:5: serial_shops
Crypt:1:  layout_basic, uniq_jory, uniq_khufu, uniq_josephina
Crypt:2:  layout_catacombs, st_stairs_6
Crypt:3:  lightli_unholy_cathedral, layout_chaotic_city
Depths:1: minmay_connected_boxes_in_corner, layout_gridlike,
          grunt_hell_entry_dis_mu, nicolae_kite_square_tiling_tiny,
          serial_shops, kennysheep_mini_moat, shop_statue, shop,
          nicolae_shop_crystal, kennysheep_little_box,
          nicolae_sif_muna_condensation, serial_bayou_shore_a, uniq_bai_suzhen
Depths:2: dreamdust_experimentation, layout_gridville, enter_ziggurat_c,
          serial_rivers, chequers_serial_rivers_micro_c,
          chequers_serial_rivers_marsh, chequers_serial_rivers_small_b,
          chequers_serial_rivers_room_b, hellmouth_1, abyss_entry,
          rand_demon_pan_entry_3, serial_shops, nicolae_shop_statue_plus,
          uniq_mara, uniq_vv, uniq_grunn
Depths:3: nicolae_whirlpool, layout_gridville, pf_hell_entry_great_geh,
          abyss_entry_crystal, nrook_mini_backslash, kennysheep_windowed_goal,
          infiniplex_staircase_pool_2
Depths:4: grunt_x_marks_the_spot, layout_twisted_cross, bh_walls_and_bars,
          hell_entry
Zot:1:    layout_cathedral_of_symmetry
Zot:2:    kennysheep_blocky_hall, layout_basic, nicolae_zot_crop_circle,
          lemuel_elevator
Zot:3:    layout_basic, nicolae_shop_clearance, grunt_megastairs_1
Zot:4:    layout_concentric_octagons, gammafunk_ghost_grave
Zot:5:    layout_basic

Skill      XL: |  1  2  3  4  5  6  7  8  9 10 11 12 13 14 15 16 17 18 19 20 21 22 23 24 25 26 27 |
---------------+----------------------------------------------------------------------------------+-----
Stealth        | 2 5 |  5.0
Summonings     | 5 6 7 9 10 11 12 13 14 15 17 19 21 22 25 | 25.0
Spellcasting   | 3 4 5 7 8 10 11 13 14 15 16 18 19 20 21 23 | 23.0
Air Magic      | 2 3 4 5 6 7 |  7.0
Fighting       | 5 8 10 11 12 13 15 17 20 | 20.0
Dodging        | 3 5 7 10 | 10.0
Conjurations   | 2 5 6 8 |  8.0
Ice Magic      | 3 6 7 |  7.0
Invocations    | 4 5 6 11 12 | 12.0
Shields        | 5 8 11 13 15 | 15.0
Polearms       | 7 12 14 | 14.0
Armour         | 5 6 10 15 | 15.0
Translocations | 2 10 13 | 13.0
Evocations     | 5 10 12 15 | 15.0
Necromancy     | 2 9 10 11 16 | 16.0
Transmutations | 16 | 16.1

Action                     |  1- 3 |  4- 6 |  7- 9 | 10-12 | 13-15 | 16-18 | 19-21 | 22-24 | 25-27 || total
---------------------------+-------+-------+-------+-------+-------+-------+-------+-------+-------++-------
  Melee: Unarmed           |    18 |       |       |       |       |       |       |       |       ||    18
         Long sword        |     7 |    21 |       |       |       |       |       |       |       ||    28
         Trident           |       |    36 |    68 |   148 |   133 |       |       |       |       ||   385
         Punch             |       |       |       |     1 |       |       |       |       |       ||     1
         Demon trident     |       |       |       |       |   226 |   721 |   723 |   648 |  1514 ||  3832
         Bite              |       |       |       |       |       |       |       |     7 |    51 ||    58
  Throw: Throwing net      |       |       |       |       |       |       |       |     1 |     3 ||     4
   Cast: Summon Small Mamm |    35 |     7 |     8 |     2 |     2 |       |       |       |     1 ||    55
         Call Imp          |     6 |    10 |     6 |     2 |       |       |       |       |       ||    24
         Call Canine Famil |     2 |    15 |    22 |    48 |    48 |    21 |       |       |     1 ||   157
         Summon Lightning  |       |       |    18 |    96 |    78 |    27 |    20 |       |       ||   239
         Mephitic Cloud    |       |       |       |     6 |    10 |     1 |    43 |     1 |     1 ||    62
         Freezing Cloud    |       |       |       |       |   103 |   162 |    52 |    11 |     4 ||   332
         Summon Cactus Gia |       |       |       |       |       |    11 |    25 |     3 |     3 ||    42
         Malign Gateway    |       |       |       |       |       |    11 |    15 |    17 |    33 ||    76
         Summon Hydra      |       |       |       |       |       |       |    89 |   119 |   147 ||   355
         Blink             |       |       |       |       |       |       |     9 |     7 |     6 ||    22
         Summon Horrible T |       |       |       |       |       |       |     2 |   175 |   220 ||   397
         Sublimation of Bl |       |       |       |       |       |       |       |     3 |    11 ||    14
         Haunt             |       |       |       |       |       |       |       |       |    21 ||    21
 Invoke: Ancestor Life: Kn |       |     1 |       |       |       |       |       |       |       ||     1
         Ancestor Identity |       |     1 |       |       |       |       |       |       |       ||     1
         Recall Ancestor   |       |       |       |     3 |     3 |     5 |     2 |     4 |    21 ||    38
         Idealise          |       |       |       |     1 |     7 |     8 |     8 |     4 |    17 ||    45
         Transference      |       |       |       |       |       |     1 |       |       |       ||     1
Ability: Hop               |       |       |     1 |     4 |     5 |    12 |    11 |    12 |    18 ||    63
  Evoke: Wand              |       |       |       |       |    14 |     7 |     1 |     6 |    10 ||    38
         Phantom mirror    |       |       |       |       |       |     4 |       |     2 |     4 ||    10
         Phial of floods   |       |       |       |       |       |       |     4 |     3 |     2 ||     9
         Box of beasts     |       |       |       |       |       |       |       |     1 |     2 ||     3
         Tin of tremorston |       |       |       |       |       |       |       |     1 |       ||     1
         Condenser vane    |       |       |       |       |       |       |       |     1 |       ||     1
    Use: Scroll            |       |     4 |       |    14 |    11 |    13 |     3 |     7 |    19 ||    71
         Potion            |       |       |       |       |     4 |     6 |     3 |     7 |    14 ||    34
   Stab: Sleeping          |       |     4 |       |       |       |       |     1 |       |       ||     5
         Distracted        |       |     2 |     3 |     4 |     8 |    10 |    21 |    22 |    72 ||   142
         Confused          |       |       |       |     1 |     4 |       |    17 |       |       ||    22
         Invisible         |       |       |       |       |     2 |     1 |       |       |       ||     3
 Armour: Robe              |    10 |    12 |     5 |    23 |    15 |       |       |       |       ||    65
         Steam dragon scal |       |       |       |       |    52 |       |       |       |       ||    52
         Troll leather arm |       |       |       |       |    18 |   204 |    76 |    27 |    83 ||   408
         Acid dragon scale |       |       |       |       |       |       |       |    16 |       ||    16
         Storm dragon scal |       |       |       |       |       |       |       |       |   136 ||   136
         Skin              |       |       |       |       |       |       |       |       |    14 ||    14
  Dodge: Dodged            |    26 |    33 |    12 |   126 |   157 |   236 |   167 |    94 |   214 ||  1065
         Repelled          |       |       |       |     1 |       |       |       |       |       ||     1
  Block: Buckler           |       |       |       |    24 |    58 |    82 |    57 |    14 |       ||   235
         Kite shield       |       |       |       |       |       |       |       |    69 |   297 ||   366

Table legend: (Time is in decaauts)
 A = Elapsed time spent in this place.
 B = Non-inter-level travel time spent in this place.
 C = Inter-level travel time spent in this place.
 D = Time resting spent in this place.
 E = Time spent auto-exploring this place.
 F = Levels seen in this place.
 G = Mean time per level.
                   A        B        C        D        E       F      G
               +--------+--------+--------+--------+--------+-----+--------+
         Total |  94894 |  87618 |   7276 |  23727 |  36304 |  71 | 1336.5 |
       Dungeon |  19087 |  16723 |   2364 |   1146 |  12102 |  15 | 1272.5 |
          Lair |   9008 |   7737 |   1271 |   1557 |   4803 |   5 | 1801.6 |
         Swamp |   5024 |   4775 |    249 |   1329 |   2213 |   4 | 1256.0 |
   Spider Nest |   6511 |   6240 |    271 |   2329 |   1739 |   4 | 1627.8 |
    Slime Pits |   3787 |   3665 |    122 |   1612 |   1187 |   5 |  757.4 |
  Orcish Mines |   2242 |   1955 |    287 |    460 |    892 |   2 | 1121.0 |
   Elven Halls |   3765 |   3588 |    177 |    960 |    427 |   3 | 1255.0 |
        Vaults |  12234 |  11190 |   1044 |   3349 |   2127 |   5 | 2446.8 |
         Crypt |   4783 |   4611 |    172 |    471 |   3262 |   3 | 1594.3 |
        Depths |   9789 |   8938 |    851 |   2758 |   4083 |   4 | 2447.2 |
           Zot |  12738 |  12275 |    463 |   5174 |   2963 |   5 | 2547.6 |
         Abyss |    352 |    352 |      0 |      0 |      0 |   3 |  117.3 |
      Ziggurat |   1498 |   1498 |      0 |    934 |      0 |  10 |  149.8 |
        Wizlab |   1298 |   1298 |      0 |    528 |     31 |   1 | 1298.0 |
    Desolation |   1913 |   1913 |      0 |    774 |    280 |   1 | 1913.0 |
      Gauntlet |    859 |    859 |      0 |    341 |    191 |   1 |  859.0 |
               +--------+--------+--------+--------+--------+-----+--------+

Top non-repeatable levels by time:
   Zot:5: 4235 daAuts
Depths:2: 3161 daAuts
Vaults:4: 2879 daAuts
  Lair:5: 2795 daAuts
   Zot:1: 2769 daAuts
Vaults:5: 2747 daAuts
Vaults:2: 2602 daAuts
Depths:1: 2535 daAuts
Depths:4: 2246 daAuts
Vaults:1: 2014 daAuts
Vaults:3: 1990 daAuts
   Zot:4: 1964 daAuts
  Lair:1: 1919 daAuts
  Lair:2: 1915 daAuts
Desolation: 1913 daAuts
